 Dungeon Crawl Stone Soup version 0.22-a0-612-gd2f0174 (webtiles) character file.

7053 kae the Cleaver (level 11, -4/101 HPs)
             Began as a Hill Orc Fighter on July 11, 2018.
             Was an Elder of Qazlal.
             Slain by an ogre
             ... wielding a +0 giant spiked club
              (7 damage)
             ... on level 10 of the Dungeon.
             The game lasted 00:11:31 (11233 turns).

kae the Cleaver (Hill Orc Fighter)                 Turns: 11233, Time: 00:11:32

Health: -4/101     AC: 12    Str: 23    XL:     11   Next: 9%
Magic:  0/28       EV:  6    Int:  8    God:    Qazlal [****..]
Gold:   750        SH:  5    Dex: 10    Spells: 10/10 levels left

rFire    . . .     SeeInvis .   w - +0 battleaxe
rCold    . . .     Gourm    .   (shield currently unavailable)
rNeg     . . .     Faith    .   v - +0 plate armour
rPois    .         Spirit   +   (no helmet)
rElec    .         Reflect  .   (no cloak)
rCorr    .         Harm     .   (no gloves)
MR       +....                  (no boots)
Stlth    ..........             g - amulet of guardian spirit
HPRegen  0.26/turn              p - ring of magical power
MPRegen  0.21/turn              q - ring of protection from magic

@: repel missiles
A: no striking features
a: Upheaval, Elemental Force, Renounce Religion


You were on level 10 of the Dungeon.
You worshipped Qazlal.
Qazlal was greatly pleased with you.
You were not hungry.

You visited 1 branch of the dungeon, and saw 10 of its levels.
You also visited: Ossuary.

You collected 750 gold pieces.

Inventory:

Hand Weapons
 i - a +0 battleaxe
 w - a +0 battleaxe (weapon)
Armour
 b - a +1 scale mail
 c - a +0 shield
 v - a +0 plate armour (worn)
Jewellery
 a - an uncursed amulet of rage
 g - an amulet of guardian spirit (around neck)
 p - a ring of magical power (left hand)
 q - a ring of protection from magic (right hand)
 t - a cursed ring of loudness {unknown}
Wands
 h - a wand of scattershot (7)
 s - a wand of flame (27)
Scrolls
 d - 2 scrolls of remove curse
 e - 5 scrolls of fog
 k - 2 scrolls of teleportation
 l - 3 scrolls of identify
 m - 2 scrolls of enchant weapon
 x - a scroll of amnesia {unknown}
Potions
 j - a potion of invisibility
 n - a potion of flight
 o - a potion of magic
 r - a potion of agility
 u - a potion of might
 z - a potion of brilliance {unknown}
Comestibles
 f - 16 rations
 A - 2 chunks of flesh


   Skills:
 + Level 10.3 Fighting
 * Level 13.7 Axes
 - Level 5.4 Armour
 - Level 4.2 Shields
 * Level 11.0 Invocations


You had 10 spell levels left.
You didn't know any spells.
Your spell library contained the following spells:

 Spells                   Type           Power        Failure   Level  Hunger
 Lightning Bolt           Conj/Air       #.........   100%        5    ######.
 Confuse                  Hex            #.......     100%        3    ####...
 Tukima's Dance           Hex            #.......     100%        3    ####...
 Shock                    Conj/Air       #...         100%        1    ##.....
 Swiftness                Chrm/Air       #.......     100%        2    ###....
 Spider Form              Tmut/Pois      #.........   100%        3    ####...
 Blade Hands              Tmut           #.........   100%        5    ######.
 Ice Form                 Ice/Tmut       #.......     100%        4    #####..
 Airstrike                Air            #.........   100%        4    #####..
 Sticks to Snakes         Tmut           #.......     100%        2    ###....
 Ensorcelled Hibernation  Hex/Ice        #.....       100%        2    ###....
 Static Discharge         Conj/Air       #.......     100%        3    ####...
 Corona                   Hex            #......      100%        1    ##.....
 Beastly Appendage        Tmut           #.....       100%        1    ##.....
 Dazzling Spray           Conj/Hex       #.....       100%        3    ####...


Dungeon Overview and Level Annotations

Branches:
Dungeon (10/15)            Temple (0/1) D:6             Orc (0/2) D:9
   Lair: D:8-11

Altars:
Cheibriados
Elyvilon
Gozag
Hepliaklqana
Kikubaaqudgha
Okawaru
Qazlal
Ru
Sif Muna
Trog
Uskayaw
Vehumet
Wu Jian
Xom
The Shining One

Shops:
D:4 *   D:8 (


Message History

You block the orc's attack.
You slice the ogre!!
The ogre is almost dead.
You slash the orc!
You kill the orc!
Qazlal accepts your kill.
The ogre hits you with a giant spiked club.
* * * LOW HITPOINT WARNING * * *
You hit the ogre but do no damage.
The ogre is almost dead.
A yak comes into view.
Your plate armour prevents you from hitting the ogre.
The ogre is almost dead.
You hear a bellow!
The ogre hits you with a giant spiked club!!
* * * LOW HITPOINT WARNING * * *
Your plate armour prevents you from hitting the ogre.
The ogre is almost dead.
The ogre hits you with a giant spiked club!
You die...

.......(..# .#
..........# .# .
..).......#
.####..
.######...#
....... )# #...#
...... .#
#...########......
.# #............#
.# #....#####O..#
.######....# #@).#
...........# #[§.#
#########..# #§.§#
#..# #..Y# #...
..... #... ......
........ ####.####


You could see a yak and an ogre.

Vanquished Creatures
  A centaur zombie (D:9)
  2 hippogriffs (D:7)
  A human (D:7)
  4 hogs (D:7)
  7 yaks
  2 vampire mosquitoes (D:10)
  2 hungry ghosts
  Menkaure (D:5)
  A water moccasin (D:6)
  2 sky beasts
  2 phantoms
  2 orc warriors (D:9)
  A black bear (D:6)
  6 ogres
  A big kobold (D:7)
  9 bullfrogs
  A gnoll sergeant (D:6)
  2 scorpions
  6 killer bees (D:9)
  10 wights (D:6)
  A howler monkey (D:6)
  A crimson imp (D:7)
  A bullfrog zombie (D:7)
  A quasit (D:8)
  2 hounds
  An orc priest (D:4)
  2 jellies
  A bullfrog skeleton (D:4)
  Natasha (thrice) (D:2)
  4 iguanas
  4 orc wizards
  8 worker ants
  A killer bee zombie (D:7)
  2 hound zombies
  A hound skeleton (D:4)
  8 mummies (Ossuary)
  Robin (D:2)
  4 gnolls (D:10)
  6 adders
  6 shadow imps
  2 adder zombies
  An adder skeleton (D:5)
  2 worms (D:2)
  5 dart slugs
  4 leopard geckos
  45 orcs
  3 ball pythons
  10 giant cockroaches
  2 gnoll zombies (Ossuary)
  17 goblins
  6 hobgoblins
  14 jackals
  2 quokkas
  6 bats
  5 frilled lizards
  A hobgoblin zombie (Ossuary)
  A jackal zombie (D:6)
  14 kobolds
  3 kobold zombies (Ossuary)
  A leopard gecko skeleton (D:8)
  2 orc zombies (Ossuary)
  4 rats
271 creatures vanquished.

Notes
Turn   | Place    | Note
-------+----------+-------------------------------------------
     0 | D:1      | kae the Hill Orc Fighter began the quest for the Orb.
     0 | D:1      | Reached XP level 1. HP: 19/19 MP: 1/1
    67 | D:1      | Reached XP level 2. HP: 23/27 MP: 2/2
    68 | D:1      | Reached skill level 3 in Axes
   487 | D:1      | Reached XP level 3. HP: 32/33 MP: 3/3
   795 | D:1      | You fall through a shaft!
   860 | D:2      | Noticed Robin
   877 | D:2      | Killed Robin
   879 | D:2      | Reached XP level 4. HP: 12/40 MP: 4/4
  1290 | D:2      | Found a bloodstained altar of Trog.
  1334 | D:2      | Noticed Natasha
  1345 | D:2      | Killed Natasha
  1520 | D:2      | Noticed Natasha
  1652 | D:2      | Reached skill level 4 in Axes
  1652 | D:2      | Reached XP level 5. HP: 47/47 MP: 5/5
  1714 | D:2      | Killed Natasha
  1738 | D:2      | Found an iron altar of Okawaru.
  1922 | D:2      | Noticed Natasha
  1935 | D:2      | Killed Natasha
  2186 | D:2      | Found a bloodstained altar of Trog.
  2228 | D:2      | Found an iron altar of Okawaru.
  2549 | D:3      | Reached skill level 5 in Fighting
  2675 | D:3      | Found an ornate altar of the Wu Jian Council.
  2683 | D:3      | Found a shimmering altar of Xom.
  2686 | D:3      | Found a snail-covered altar of Cheibriados.
  2697 | D:3      | Found a glowing golden altar of the Shining One.
  2732 | D:3      | Reached XP level 6. HP: 54/56 MP: 6/6
  2973 | D:4      | Reached skill level 5 in Axes
  2980 | D:4      | Reached skill level 5 in Armour
  3113 | D:4      | Found Rolunaj's General Store.
  3140 | D:4      | Reached XP level 7. HP: 62/62 MP: 7/7
  3269 | D:4      | Reached skill level 6 in Axes
  3572 | D:4      | Reached skill level 7 in Axes
  4049 | D:5      | Entered Level 5 of the Dungeon
  4102 | D:5      | Noticed Menkaure
  4328 | D:5      | Killed Menkaure
  4328 | D:5      | Reached skill level 8 in Axes
  4328 | D:5      | Reached XP level 8. HP: 63/73 MP: 8/8
  5136 | D:5      | Found a hazy altar of Hepliaklqana.
  5136 | D:5      | Found an opulent altar of Gozag.
  5141 | D:5      | Found a deep blue altar of Sif Muna.
  5143 | D:5      | Found a stormy altar of Qazlal.
  5145 | D:5      | Found an ancient bone altar of Kikubaaqudgha.
  5194 | D:5      | Reached skill level 9 in Axes
  5239 | D:5      | Became a worshipper of Qazlal Stormbringer
  5456 | D:6      | Found a staircase to the Ecumenical Temple.
  5480 | D:6      | Reached skill level 1 in Invocations
  5505 | D:6      | HP: 3/73 [wight/scimitar of freezing (4)]
  5620 | D:6      | Found a sand-covered staircase.
  5634 | Ossuary  | Entered an ossuary
  5783 | Ossuary  | Reached * piety under Qazlal
  6286 | D:6      | Reached skill level 10 in Axes
  6286 | D:6      | Reached XP level 9. HP: 71/81 MP: 12/12
  6746 | D:6      | Reached skill level 5 in Invocations
  7109 | D:7      | Reached skill level 11 in Axes
  7877 | D:7      | Reached ** piety under Qazlal
  8059 | D:7      | Reached XP level 10. HP: 56/91 MP: 13/16
  8059 | D:7      | Reached skill level 12 in Axes
  8366 | D:7      | Found a white marble altar of Elyvilon.
  9579 | D:8      | Found a sacrificial altar of Ru.
  9610 | D:8      | Found Xessoag's Weapon Shoppe.
  9659 | D:8      | Reached *** piety under Qazlal
  9942 | D:9      | Found a staircase to the Orcish Mines.
 10113 | D:9      | Reached skill level 13 in Axes
 10113 | D:9      | Reached skill level 10 in Invocations
 10440 | D:9      | Reached skill level 10 in Fighting
 10451 | D:9      | HP: 3/93 [killer bee (2)]
 10972 | D:9      | Found a bloodstained altar of Trog.
 10974 | D:9      | Found a sparkling altar of Nemelex Xobeh.
 10974 | D:9      | Found an opulent altar of Gozag.
 10976 | D:9      | Found a hide-covered altar of Uskayaw.
 10976 | D:9      | Found a shimmering altar of Xom.
 10976 | D:9      | Found a radiant altar of Vehumet.
 11066 | D:10     | Entered Level 10 of the Dungeon
 11215 | D:10     | Reached XP level 11. HP: 60/100 MP: 16/19
 11224 | D:10     | Reached **** piety under Qazlal
 11232 | D:10     | HP: 2/101 [ogre/giant spiked club (19)]
 11233 | D:10     | Slain by an ogre

Vault maps used:
D:1:      matt_arrival_diagonals
D:2:      lemuel_coloured_pillars_altar, lightli_temple_of_fire, uniq_robin,
          uniq_natasha
D:3:      grunt_temple_overflow_cloverleaf
D:4:      serial_shops, nicolae_shop_competitors_out_of_business, first_ration
D:5:      chequers_temple_overflow_minitemple, kennysheep_generic_room_6,
          uniq_menkaure
D:6:      minmay_temple_entry_trees, enter_ossuary_3,
          corexii_item_surrounded_by_moat
D:7:      minmay_the_grid_octo_triangle, elyvilon_altar_3, grunt_livestock
D:8:      kennysheep_mini, serial_shops, kennysheep_mini_moat
D:9:      david_orc_2, doesnt_xom_only_xom
D:10:     uniq_fannar
Ossuary:  ossuary_tomb_3

Skill      XL: |  1  2  3  4  5  6  7  8  9 10 11 |
---------------+----------------------------------+-----
Axes           | 3 4 5 8 10 11 13 | 13.7
Fighting       | 4 5 7 8 9 10 | 10.3
Armour         | 4 5 |  5.4
Shields        | 4 |  4.2
Invocations    | 4 8 10 11 | 11.0

Action                   |  1- 3 |  4- 6 |  7- 9 | 10-12 || total
-------------------------+-------+-------+-------+-------++-------
Melee: War axe           |    94 |   150 |   171 |       ||   415
       Battleaxe         |       |       |   228 |   230 ||   458
Invok: Upheaval          |       |       |       |     1 ||     1
Evoke: Wand              |       |       |     3 |       ||     3
  Use: Potion            |       |     2 |    14 |     4 ||    20
       Scroll            |       |    13 |     6 |     3 ||    22
 Stab: Invisible         |       |       |     2 |       ||     2
  Eat: Chunk             |       |     8 |    12 |     8 ||    28
       Ration            |       |       |     1 |     2 ||     3
Armor: Scale mail        |    48 |    97 |   150 |    19 ||   314
       Skin              |       |       |    11 |       ||    11
       Plate armour      |       |       |       |   121 ||   121
Dodge: Dodged            |    33 |    54 |   180 |    81 ||   348
Block: Shield            |    62 |    74 |    79 |       ||   215
       Other             |       |       |    16 |    44 ||    60

Table legend:
 A = Spawn XP
 B = Non-spawn XP
 C = Spawn XP percentage of total XP
 D = Spawn monster count
 E = Non-spawn monster count
 F = Spawn count percentage of total count
 G = Total turns spent on level
                    A         B        C        D         E        F      G
               +---------+---------+-------+---------+---------+-------+---------
         Total |       0 |   10076 |   0.0 |       0 |     271 |   0.0 | 11233
               +---------+---------+-------+---------+---------+-------+---------
           D:1 |       0 |      39 |   0.0 |       0 |      21 |   0.0 |   795
           D:2 |       0 |     219 |   0.0 |       0 |      37 |   0.0 |  1560
           D:3 |       0 |      73 |   0.0 |       0 |      23 |   0.0 |   594
           D:4 |       0 |     776 |   0.0 |       0 |      28 |   0.0 |  1312
           D:5 |       0 |     540 |   0.0 |       0 |      21 |   0.0 |  1084
           D:6 |       0 |    1291 |   0.0 |       0 |      25 |   0.0 |  1663
           D:7 |       0 |    2988 |   0.0 |       0 |      44 |   0.0 |  1323
           D:8 |       0 |     630 |   0.0 |       0 |      13 |   0.0 |   811
           D:9 |       0 |    1554 |   0.0 |       0 |      24 |   0.0 |  1280
          D:10 |       0 |    1807 |   0.0 |       0 |      19 |   0.0 |   167
       Ossuary |       0 |     159 |   0.0 |       0 |      16 |   0.0 |   644
               +---------+---------+-------+---------+---------+-------+---------
